 Dungeon Crawl Stone Soup version 0.31-a0-1144-g99969ba1bc (webtiles) character file.

Game seed: 3169340850532232743

18 protoss039 the Digger (level 2, 21/21 HPs)
             Began as a Demonspawn Earth Elementalist on Dec 6, 2023.
             Got out of the dungeon alive.
             The game lasted 00:00:45 (1231 turns).

protoss039 the Digger (DsEE)                        Turns: 1231, Time: 00:00:46

Health: 21/21      AC:  2    Str:  8    XL:     2   Next: 48%
Magic:  5/5        EV: 12    Int: 15    God:
Gold:   14         SH:  0    Dex: 13    Spells: 4/5 levels left

rFire   . . .        d - +0 dagger
rCold   . . .        (no shield)
rNeg    . . .        a - +0 robe
rPois   .            (no helmet)
rElec   .            (no cloak)
rCorr   .            (no gloves)
SInv    .            (no boots)
Will    .....        (no amulet)
Stlth   ++           (no ring)
HPRegen 0.23/turn    (no ring)
MPRegen 0.09/turn

%: no passive effects
@: no status effects
A: weakness stinger 1
a: no special abilities


You escaped.
You visited 1 branch of the dungeon, and saw 1 of its levels.

You collected 14 gold pieces.

Inventory:

Hand Weapons
 d - a +0 dagger (weapon)
Armour
 a - a +0 robe (worn)
 f - a +0 ring mail
Scrolls
 c - a scroll of identify {unknown}
 g - a scroll of blinking {unknown}
 h - a scroll of brand weapon {unknown}
 i - a scroll of teleportation {unknown}
Potions
 b - a potion of magic
 e - a potion of curing {unknown}
 j - a potion of haste {unknown}


   Skills:
 + Level 1.1 Fighting
 - Level 1.7 Dodging
 - Level 1.7 Stealth
 + Level 2.3 Spellcasting
 - Level 0.8 Transmutations
 + Level 3.0 Earth Magic


You had 4 spell levels left.
You knew the following spells:

 Your Spells              Type           Power      Damage    Failure   Level
a - Sandblast             Erth           20%        2d7       6%          1

Your spell library contained the following spells:

 Spells                   Type           Power      Damage    Failure   Level
 Passwall                 Tmut/Erth      5%         N/A       14%         2
 Stone Arrow              Conj/Erth      12%        3d7       34%         3
 Petrify                  Tmut/Erth      7%         N/A       67%         4
 Brom's Barrelling Bould  Conj/Erth      6%         2d3       75%         4


Dungeon Overview and Level Annotations

Branches:
Dungeon (1/15) Zot: 4762

Altars:

Shops:
D:1 (


Innate Abilities, Weirdness & Mutations

You have a small tail.


Message History

Casting: Sandblast (safe; 6% risk of failure)
Confirm with . or Enter, or press ? or * to list all spells.
Aiming: Sandblast (safe; 6% risk of failure)
Press: ? - help, Shift-Dir - straight line, f - bat
Aim: a bat (73% to hit)
The blast of sand hits the bat!
You kill the bat!
Your Earth Magic skill increases to level 3!
You see here a bat corpse.
Found a stone staircase leading down.
There is a stone staircase leading down here.
There is a stone staircase leading down here.
A goblin comes into view. It is wielding a +0 dagger.
A goblin is nearby!
A goblin is nearby!
The goblin shouts!
Casting: Sandblast (safe; 6% risk of failure)
Confirm with . or Enter, or press ? or * to list all spells.
Aiming: Sandblast (safe; 6% risk of failure)
Press: ? - help, Shift-Dir - straight line, f - goblin
Aim: a goblin, wielding a +0 dagger (77% to hit)
The blast of sand hits the goblin!
You kill the goblin!
Unknown command.
There is a stone staircase leading down here.
You see here a ball python skeleton.
There is a stone staircase leading down here.
You see here 6 stones.
Done exploring.
Done exploring.
Done exploring.
No target in view!
Done exploring.
You see here 6 stones.
You open the large door.
There is a large open door here.
You enter the shallow water.
Moving in this stuff is going to be slow.
There is a staircase leading out of the dungeon here.
You have escaped!

.# #.#.#.#.##......###.#.##### .#
#.#.................#...... .#
#.#...####################.
.######.#..8.~~~~~~~~## #......#.
..........#.~~~.....~~# #......#.
....###.#.#.~~..~~~..~# #......#.
##...##.#.#.~..~~~~~..# #......#.
.#.#.##.#.'.~.~~...~~.###......#.
.#.+......'.~..~@~..~.+.+......+.
.#.##.#.#.#.~~...~~.~.+.#......#.
.#......#.#..~~~~~..~.#..........
.####.#...#~..~~~..~~.#...######.
.#.....>..#~~.....~~~.#..........
...##.#.#.##~~~~~~~~.8....#######
#####.#.#.###########...#........
#.#.#....#########..#........
#.#.####................รท....


There were no monsters in sight!

Vanquished Creatures
  3 bats (D:1)
  An endoplasm (D:1)
  A goblin (D:1)
  2 hobgoblins (D:1)
  2 jackals (D:1)
  A quokka (D:1)
  A ball python (D:1)
  3 kobolds (D:1)
  A rat (D:1)
15 creatures vanquished.

Notes
Turn   | Place    | Note
-------+----------+-------------------------------------------
     0 | D:1      | protoss039 the Demonspawn Earth Elementalist began the
                  | quest for the Orb.
     0 | D:1      | Reached XP level 1. HP: 13/13 MP: 3/3
   443 | D:1      | Discovered your monstrous ancestry.
   443 | D:1      | Gained mutation: You have a small tail. [demonic ancestry]
   443 | D:1      | Reached XP level 2. HP: 20/20 MP: 3/5
   705 | D:1      | Reached skill level 1 in Fighting
   883 | D:1      | Found Najuadoelu's Weapon Emporium.
   952 | D:1      | Reached skill level 3 in Earth Magic
  1231 | D:$      | Got out of the dungeon alive.

Illustrated notes

Levels and vault maps discovered:
D:1:      psy_arrival_whirlpool, layout_basic, serial_shops,
          nicolae_shop_temple_entry_statues_fountains, roderic_lattice_a,
          minmay_crystal_room

Skill      XL: |  1  2 |
---------------+-------+-----
Fighting       | 1 |  1.1
Earth Magic    | 3 |  3.0
Dodging        | |  1.7
Stealth        | |  1.7
Spellcasting   | |  2.3
Transmutations | |  0.8

Action                     || total
---------------------------++-------
  Melee: Dagger            ||     9
   Cast: Sandblast         ||    12
   Stab: Sleeping          ||     3
 Armour: Robe              ||     6
  Dodge: Dodged            ||     7

Table legend: (Time is in decaauts)
 A = Elapsed time spent in this place.
 B = Non-inter-level travel time spent in this place.
 C = Inter-level travel time spent in this place.
 D = Time resting spent in this place.
 E = Time spent auto-exploring this place.
 F = Levels seen in this place.
 G = Mean time per level.
                   A        B        C        D        E       F      G
               +--------+--------+--------+--------+--------+-----+--------+
         Total |   1237 |   1182 |     55 |      0 |   1083 |   1 | 1237.0 |
       Dungeon |   1237 |   1182 |     55 |      0 |   1083 |   1 | 1237.0 |
               +--------+--------+--------+--------+--------+-----+--------+

Top non-repeatable levels by time:
     D:1: 1237 daAuts
